 Dungeon Crawl Stone Soup version 0.17.0-15-g6d90897 (webtiles) character file.

212 MudFish the Sneak (level 5, -2/36 HPs)
             Began as an Octopode Fighter on Nov 10, 2015.
             Was an Initiate of Okawaru.
             Slain by a centaur (5 damage)
             ... on level 3 of the Dungeon.
             The game lasted 00:07:50 (3221 turns).

MudFish the Sneak (Octopode Fighter)                Turns: 3221, Time: 00:07:50

Health: -2/36      AC:  1    Str: 21    XL:     5   Next: 89%
Magic:  5/5        EV: 11    Int: 10    God:    Okawaru [......]
Gold:   93         SH: 10    Dex: 12    Spells: 0 memorised, 4 levels left

rFire  . . .     SeeInvis .     a - +0 trident
rCold  . . .     Clarity  .     b - +0 shield
rNeg   . . .     SustAt   .     (helmet restricted)
rPois  .         Gourm    .     (no amulet)
rElec  .         Spirit   .     (no ring)
rCorr  .         Warding  .     (no ring)
rMut   .         Stasis   .     (no ring)
MR     .....                    (no ring)
Stlth  ++++......               (no ring)
                                (no ring)
                                (no ring)
                                (no ring)

@: mighty, not resistant to hostile enchantments, stealthy
A: almost no armour, amphibious, 8 rings, constrict 8, camouflage 1, gelatinous
body 1
a: Renounce Religion


You were on level 3 of the Dungeon.
You worshipped Okawaru.
Okawaru was noncommittal.
You were not hungry.

You visited 1 branch of the dungeon, and saw 3 of its levels.

You collected 93 gold pieces.

Inventory:

Hand Weapons
 a - a +0 trident (weapon)
Missiles
 g - 27 poisoned needles
 s - a throwing net (quivered)
Armour
 b - a +0 shield (worn)
Jewellery
 l - a cursed ring of loudness {unknown}
Wands
 o - a wand of confusion (31)
Scrolls
 d - 2 scrolls of amnesia {unknown}
 j - 2 scrolls of teleportation {unknown}
 k - a scroll of immolation {unknown}
 n - a scroll of noise {unknown}
 q - 3 scrolls of identify {unknown}
Potions
 e - a potion of cancellation {unknown}
 i - a potion of haste {unknown}
 m - a potion of flight {unknown}
 p - a potion of curing {unknown}
Comestibles
 f - 12 chunks of flesh
 h - 2 meat rations
 r - 2 royal jellies


   Skills:
 - Level 3.0 Fighting
 - Level 2.0 Polearms
 - Level 3.0 Dodging
 * Level 5.3 Stealth
 - Level 5.0 Shields


You had 4 spell levels left.
You didn't know any spells.

Dungeon Overview and Level Annotations

Branches:
Dungeon (3/15)

Altars:
Dithmenos
Elyvilon
Gozag
Nemelex Xobeh
Okawaru
Sif Muna
Xom
Yredelemnul
The Shining One


Innate Abilities, Weirdness & Mutations

You cannot wear most types of armour.
You are amphibious.
You can wear up to eight rings at the same time.
You can use your tentacles to constrict eight enemies at once.
Your skin changes colour to match your surroundings (Stealth).
Your rubbery body absorbs attacks (AC +1).


Message History

The centaur is almost dead.
The bat hits you but does no damage. The giant cockroach bites you.
The centaur hits you. x2
The giant cockroach bites you.
You hit the centaur but do no damage.
The centaur is almost dead.
You block the bat's attack. x2
The centaur closely misses you. You block the giant cockroach's attack.
The centaur closely misses you.
You hit the centaur but do no damage.
The centaur is almost dead.
The bat hits you but does no damage. The giant cockroach bites you.
The centaur hits you!
* * * LOW HITPOINT WARNING * * *
The giant cockroach misses you. The centaur hits you.
* * * LOW HITPOINT WARNING * * *
Drink which item? (? for menu, Esc to quit)
You feel very mighty all of a sudden. The bat barely misses you.
The centaur hits you.
You die...

##...## ###.####...÷..........
##.....####.....##..#####.######
#...........#.#.##..# .#
##.....####...#####.. .#
##...#########...#### .# #
##.......###..8..## .# #
#.#####.##.b.....# .# #
#..).##.##..s_...# ## #
#.##.##..'.⌠@c%⌠.# #
#.##.##..#..._...# ######
#..))>...#.......# ..#.....
#......#.##..8..## ........
#.##.#.#..##...## ..#.....
#.....#.#...##### ...###.#
#..####.##### . #.# #... ..# #.#
#.## #.# #.#


You could see a centaur, a giant cockroach and a bat.

Vanquished Creatures
  2 orc priests (D:3)
  An orc wizard (D:3)
  4 adders
  4 worms
  3 giant geckos
  11 orcs (D:3)
  3 bats
  3 giant cockroaches
  8 hobgoblins
  5 jackals
  6 kobolds
  A quokka (D:2)
  A ball python (D:3)
  3 giant newts
  4 goblins
  14 rats
73 creatures vanquished.

Notes
Turn   | Place    | Note
--------------------------------------------------------------
     0 | D:1      | MudFish the Octopode Fighter began the quest for the Orb.
     0 | D:1      | Reached XP level 1. HP: 16/16 MP: 1/1
   394 | D:1      | Reached skill level 1 in Stealth
   394 | D:1      | Reached XP level 2. HP: 21/21 MP: 2/2
  1035 | D:2      | Reached XP level 3. HP: 22/26 MP: 3/3
  1226 | D:2      | Reached skill level 4 in Shields
  1634 | D:2      | Reached XP level 4. HP: 31/31 MP: 4/4
  1924 | D:2      | Found a basalt altar of Yredelemnul.
  1925 | D:2      | Found a deep blue altar of Sif Muna.
  1929 | D:2      | Found an iron altar of Okawaru.
  1934 | D:2      | Found a white marble altar of Elyvilon.
  1934 | D:2      | Found a shimmering altar of Xom.
  1936 | D:2      | Found a shadowy altar of Dithmenos.
  1944 | D:2      | Became a worshipper of Warmaster Okawaru
  1949 | D:2      | Found a glowing golden altar of the Shining One.
  2064 | D:3      | Found a faded altar to an unknown god.
  2188 | D:3      | Reached XP level 5. HP: 25/36 MP: 5/5
  2781 | D:3      | Reached skill level 5 in Shields
  3186 | D:3      | Reached skill level 5 in Stealth
  3210 | D:3      | Found an opulent altar of Gozag.
  3210 | D:3      | Found a sparkling altar of Nemelex Xobeh.
  3210 | D:3      | Noticed a centaur
  3221 | D:3      | Slain by a centaur

Action                   |  1- 3 |  4- 6 || total
-------------------------+-------+-------++-------
Melee: Trident           |    69 |    69 ||   138
  Use: Potion            |       |     1 ||     1
 Stab: Sleeping          |    12 |     7 ||    19
  Eat: Bread ration      |     1 |       ||     1
       Meat ration       |       |     1 ||     1
       Fruit             |       |     1 ||     1
